cohdb
Replays
Latest Replays
All Replays
Popular Replays
Top Player Replays
Match Explorer
How It Works
Community
CoH3 Stats
Reddit
Sign in to upload your games and track your stats! →
Sign in with Steam
Match 45808576
Unlisted
Match 45808576
Overview
Messages
Build Orders
End
Construct Section Command Post
Dingo Light Scout Car
Infantry Section
Infantry Section
Construct Platoon Command Post
Vickers Machine Gun Team
Humber Armored Car
Selects Heavy Armor Battlegroup
Selects Rigorous Vehicle Training
Selects Light Vehicle Withdraw and Refit
CMP 15cwt Truck
Grenade Package
6-pounder Anti-tank Gun Team
Royal Engineer Section
Selects UNKNOWN (202330)
Vickers Machine Gun Team
Selects Designate Targets
Infantry Section
Construct Company Command Post
Crusader AA Medium Tank
6-pounder Anti-tank Gun Team
Foot Guards Section
Matilda II Heavy Tank
Selects Forward Repair Assembly
Infantry Training
Designate Targets
Selects Churchill Black Prince Heavy Tank
Churchill Black Prince Heavy Tank
Royal Engineer Section
Designate Targets
Adamir@Magnum.CZ
被杀大王
JEFG
Seocheon
0
0
Comments
sign in to comment!
No comments posted yet!